 Dungeon Crawl Stone Soup version 0.27.1-34-g3ba077fa99 (webtiles) character file.

Game seed: 15729224397020286579

114 zeram the Shield-Bearer (level 4, -1/29 HPs)
             Began as a Gargoyle Fighter on Jan 24, 2022.
             Slain by Grinder (3 damage)
             ... on level 3 of the Dungeon.
             The game lasted 00:02:42 (2129 turns).

zeram the Shield-Bearer (Gargoyle Fighter)          Turns: 2129, Time: 00:02:42

Health: -1/29      AC: 16    Str: 20    XL:     4   Next: 98%
Magic:  4/4        EV:  4    Int:  9    God:
Gold:   70         SH:  9    Dex:  9    Spells: 3/3 levels left

rFire    . . .     SeeInvis +   a - +0 flail
rCold    . . .     Faith    .   c - +0 kite shield
rNeg     + . .     Spirit   .   k - +0 plate armour
rPois    ∞         Reflect  .   (no helmet)
rElec    +         Harm     .   (no cloak)
rCorr    .         Rampage  .   l - +0 pair of gloves
Will     .....                  (no boots)
Stlth    ..........             (no amulet)
HPRegen  0.09/turn              g - ring of see invisible
MPRegen  0.09/turn              (no ring)

@: no status effects
A: sickness immunity, AC +3, negative energy resistance 1, electricity
resistance, torment resistance 1, petrification resistance
a: no special abilities


You were on level 3 of the Dungeon.
You visited 1 branch of the dungeon, and saw 3 of its levels.

You collected 70 gold pieces.

Inventory:

Hand Weapons
 a - a +0 flail (weapon)
Armour
 b - a +0 scale mail
 c - a +0 kite shield (worn)
 k - a +0 plate armour (worn)
 l - a +0 pair of gloves (worn)
Jewellery
 g - a ring of see invisible (left hand)
Scrolls
 d - 3 scrolls of magic mapping {unknown}
 e - a scroll of enchant weapon {unknown}
 f - a scroll of amnesia {unknown}
 i - a scroll of vulnerability {unknown}
 j - 3 scrolls of noise {unknown}
Potions
 h - 2 potions of resistance {unknown}
 m - a potion of haste {unknown}


   Skills:
 + Level 3.8 Fighting
 + Level 2.7 Maces & Flails
 + Level 4.1 Armour
 + Level 0.9 Dodging
 + Level 4.2 Shields


You had 3 spell levels left.
You didn't know any spells.
Your spell library was empty.

Dungeon Overview and Level Annotations

Branches:
Dungeon (3/15)

Altars:

Annotations:
D:3 2 transporters, Grinder; YungCoward's ghost, amateur HOFi


Innate Abilities, Weirdness & Mutations

You are immune to sickness and miasma.
Your stone body is resilient. (AC +3)
You are immune to poison.
You resist negative energy. (rN+)
You are resistant to electric shocks. (rElec)
You are resistant to unholy torment.
You are immune to petrification.


Message History

The hobgoblin hits you but does no damage.
You block Grinder's attack.
You hit the hobgoblin.
You kill the hobgoblin!
Grinder hits you but does no damage.
You barely miss Grinder.
Grinder is severely wounded.
Grinder hits you. x2; You writhe in agony.
You sock Grinder!
Grinder is almost dead.
Grinder hits you but does no damage.
You barely miss Grinder.
Grinder is almost dead.
Grinder gestures at you. You resist with significant effort.
Grinder blinks!
You aren't carrying any items that you can evoke.
Found a scroll labelled ZYFA IGAMIAXTOFA.
You see here a ball python corpse.
You closely miss Grinder.
Grinder is almost dead.
Grinder gestures at you. Pain shoots through your body!
* * * LOW HITPOINT WARNING * * *
Your plate armour prevents you from hitting Grinder.
Grinder is almost dead.
Grinder hits you but does no damage. x2
You barely miss Grinder.
Grinder is almost dead.
Grinder blinks!
Grinder blinks!
Grinder gestures at you. You resist with significant effort.
Grinder says, "Mostly I couldn't keep them alive."
You block Grinder's attack.
You closely miss Grinder.
Grinder is almost dead.
Grinder hits you.
* * * LOW HITPOINT WARNING * * *
You writhe in agony.
You die...

....).......#
............#
........)...#
..<.........#
............#
............#
............#########
##......##......5...#
)....©.©....††..@...#
#############.......#
#W...!?....O#.?.....#
#..##...##..#.......#
#.#..#.#..#.#.........#
#.#..#.#.?#.#........##
#..##...##..#...####.#
#.. .©? #.### .# #. #


You could see Grinder and an ogre.

Vanquished Creatures
  Ijyb (D:3)
  4 adders (D:2)
  2 dart slugs (D:1)
  4 orcs (D:3)
  2 bats
  3 endoplasms
  A giant cockroach (D:1)
  5 goblins
  6 hobgoblins
  A kobold (D:1)
  2 quokkas (D:2)
  7 ball pythons
  2 frilled lizards (D:1)
  3 rats
43 creatures vanquished.

Notes
Turn   | Place    | Note
-------+----------+-------------------------------------------
     0 | D:1      | zeram the Gargoyle Fighter began the quest for the Orb.
     0 | D:1      | Reached XP level 1. HP: 14/14 MP: 1/1
    28 | D:1      | Reached XP level 2. HP: 17/19 MP: 2/2
   272 | D:1      | Found a faded altar of an unknown god.
   691 | D:2      | Reached XP level 3. HP: 23/23 MP: 3/3
  1211 | D:2      | Reached XP level 4. HP: 24/29 MP: 4/4
  1672 | D:3      | Noticed Ijyb
  1823 | D:3      | Killed Ijyb
  1945 | D:3      | Found a transporter.
  1946 | D:3      | Noticed YungCoward's ghost (amateur HOFi)
  1947 | D:3      | Identified the +7 great mace "Umiask" {spect, rCorr}
  1947 | D:3      | Noticed an ogre
  2092 | D:3      | Found a transporter.
  2095 | D:3      | Noticed Grinder
  2096 | D:3      | Paralysed by Grinder for 7 turns
  2105 | D:3      | Paralysed by Grinder for 6 turns
  2129 | D:3      | Slain by Grinder

Illustrated notes

Levels and vault maps discovered:
D:1:      lemuel_arrival_funnel, layout_rooms,
          ebering_ecumenical_altar_sacrificial, minmay_misc_feat_enclosed
D:2:      layout_rooms, minmay_unequal
D:3:      layout_rooms, minitemple, gammafunk_ghost_smash, uniq_ijyb,
          uniq_grinder

Skill      XL: |  1  2  3 |
---------------+----------+-----
Armour         | 4 |  4.1
Shields        | 4 |  4.2
Fighting       | |  3.8
Maces & Flails | |  2.7
Dodging        | |  0.9

Action                   |  1- 3 |  4- 6 || total
-------------------------+-------+-------++-------
Melee: Flail             |   102 |    80 ||   182
       Unarmed           |       |     7 ||     7
  Use: Potion            |       |     1 ||     1
Armor: Scale mail        |    71 |    13 ||    84
       Plate armour      |       |    65 ||    65
Dodge: Dodged            |    36 |    27 ||    63
Block: Kite shield       |    80 |    56 ||   136
